 Dungeon Crawl Stone Soup version 0.29-a0-323-g050149af67 (webtiles) character file.

Game seed: 5008863983104297083

133 Hubjo the Digger (level 5, 0/30 HPs)
             Began as a Gargoyle Earth Elementalist on Apr 11, 2022.
             Was a Follower of Kikubaaqudgha.
             Killed by divine providence
             ... invoked by an orc priest
              (15 damage)
             ... on level 3 of the Dungeon.
             The game lasted 00:05:15 (4109 turns).

Hubjo the Digger (Gargoyle Earth Elementalist)      Turns: 4109, Time: 00:05:16

Health: 0/30       AC:  8    Str: 14    XL:     5   Next: 16%
Magic:  8/8        EV: 11    Int: 15    God:    Kikubaaqudgha [*.....]
Gold:   81         SH:  0    Dex: 10    Spells: 7/8 levels left

rFire   . . .      SeeInvis .   l - +0 quarterstaff
rCold   . . .      Faith    .   (shield currently unavailable)
rNeg    + . .      Spirit   .   b - +0 robe
rPois   ∞          Reflect  .   (helmet restricted)
rElec   +          Harm     .   (no cloak)
rCorr   .          Rampage  .   (no gloves)
Will    .....                   (no boots)
Stlth   ++........              (no amulet)
HPRegen 0.10/turn               g - ring of wizardry
MPRegen 0.11/turn               (no ring)

@: no status effects
A: sickness immunity, AC +4, negative energy resistance 1, electricity
resistance, torment resistance 1, petrification resistance, beak, iridescent
scales 1, MP-powered wands
a: Renounce Religion, Receive Corpses


You were on level 3 of the Dungeon.
You worshipped Kikubaaqudgha.
Kikubaaqudgha was aware of your devotion.
You visited 1 branch of the dungeon, and saw 3 of its levels.

You collected 81 gold pieces.

Inventory:

Hand Weapons
 l - a +0 quarterstaff (weapon)
Missiles
 a - 32 stones
Armour
 b - a +0 robe (worn)
Jewellery
 g - a ring of wizardry (left hand)
Wands
 t - a wand of polymorph (6)
Scrolls
 e - 2 scrolls of teleportation
 f - 3 scrolls of identify
 n - a scroll of immolation {unknown}
 o - a scroll of enchant weapon {unknown}
 p - a scroll of fog {unknown}
 q - a scroll of amnesia {unknown}
 r - a scroll of blinking {unknown}
Potions
 c - a potion of magic
 d - 2 potions of resistance {unknown}
 h - a potion of berserk rage {unknown}
 i - 2 potions of curing {unknown}
 j - a potion of degeneration {unknown}
 k - a potion of ambrosia
 m - a potion of might {unknown}
 s - a potion of brilliance {unknown}


   Skills:
 * Level 2.3 Fighting
 - Level 1.5 Dodging
 * Level 4.0 Stealth
 + Level 2.4 Spellcasting
 + Level 1.4 Transmutations
 + Level 4.2 Earth Magic


You had 7 spell levels left.
You knew the following spells:

 Your Spells              Type           Power      Damage    Failure   Level
a - Sandblast             Erth           28%        2d8       1%          1

Your spell library contained the following spells:

 Spells                   Type           Power      Damage    Failure   Level
 Passwall                 Tmut/Erth      8%         N/A       4%          2
 Animate Skeleton         Necr           2%         N/A       9%          1
 Magic Dart               Conj           4%         1d3       9%          1
 Pain                     Necr           4%         1d4       9%          1
 Stone Arrow              Conj/Erth      16%        3d8       11%         3
 Call Imp                 Summ           1%         N/A       13%         2
 Corpse Rot               Necr/Air       2%         N/A       13%         2
 Ignite Poison            Fire/Tmut/Pois 3%         N/A       21%         3
 Conjure Flame            Conj/Fire      1%         6-21      26%         3
 Mephitic Cloud           Conj/Pois/Air  1%         N/A       26%         3
 Summon Guardian Golem    Hex/Summ       1%         N/A       26%         3
 Vampiric Draining        Necr           1%         2d6       26%         3
 Petrify                  Tmut/Erth      10%        N/A       26%         4
 Sticky Flame             Conj/Fire      1%         2d3       61%         4
 Orb of Destruction       Conj           0%         9d5       100%        7
 Spellforged Servitor     Conj/Summ      0%         N/A       100%        7


Dungeon Overview and Level Annotations

Branches:
Dungeon (3/15)

Altars:
Kikubaaqudgha


Innate Abilities, Weirdness & Mutations

You are immune to sickness and miasma.
Your stone body is resilient. (AC +4)
You are immune to poison.
You resist negative energy. (rN+)
You are resistant to electric shocks. (rElec)
You are resistant to unholy torment.
You are immune to petrification.
You have a beak for a mouth.
You are partially covered in iridescent scales. (AC +2)
You expend magic power (3 MP) to strengthen your wands.


Message History

The orc priest calls down the wrath of Beogh upon you.
Pain shoots through your body!
* * * LOW HITPOINT WARNING * * *
It was a potion of ambrosia.
You are confused.
You feel invigorated. The orc hits you but does no damage.
The orc priest hits you but does no damage.
The orc hits you but does no damage.
The orc priest looks braver for a moment.
You bump into the rock wall.
You feel less invigorated.
You feel less confused. The orc hits you but does no damage.
The orc priest begins to cast a cantrip, but forgets the words!
The orc barely misses you. The orc misses you. The orc closely misses you.
The orc priest casts a cantrip, but nothing happens.
There is a stone staircase leading up here.
The orc throws a boomerang.
The boomerang hits you.
The orc priest hits you with a +0 hand axe.
The orc priest attacks as you move away!
The orc priest hits you but does no damage.
An orc comes into view. It is wielding a +0 dagger.
The orc shouts!
The orc throws a boomerang.
The boomerang hits you but does no damage.
The orc priest looks encouraged for a moment.
You hit the orc priest.
You peck the orc priest, but do no damage.
The orc priest is lightly wounded.
The orc priest barely misses you.
The orc priest hits you but does no damage.
The orc hits you but does no damage.
The orc priest calls upon Beogh to heal the orc.
The orc's wounds heal themselves!
The orc priest mumbles some strange prayers to Beogh against you.
Beogh smites you!
Ouch! That really hurt!
You die...
Kikubaaqudgha rasps: "You have failed me!
Welcome... oblivion!"

####.........#...#
.....†.......#...#
.....†.......#...#
......###'####...#
......# #....#...#
.......#####.#...#
....#.(# #.......#
.......# #.#...<.#
.##.#.##
#.#)#.o@### #
#.......#
##.###..o..#
...........#
..###......#
#...o.....#
...........#
.............#
..............#


You could see an orc priest and 2 orcs.

Vanquished Creatures
  A hound (D:3)
  6 adders
  2 worms (D:2)
  2 orcs (D:3)
  3 bats (D:2)
  An endoplasm (D:1)
  2 giant cockroaches
  5 goblins
  3 hobgoblins
  A jackal (D:2)
  3 ball pythons (D:1)
  6 frilled lizards
  5 kobolds
  8 rats
48 creatures vanquished.

Vanquished Creatures (others)
  A fungus (D:2)
1 creature vanquished.

Grand Total: 49 creatures vanquished

Notes
Turn   | Place    | Note
-------+----------+-------------------------------------------
     0 | D:1      | Hubjo the Gargoyle Earth Elementalist began the quest for
                  | the Orb.
     0 | D:1      | Reached XP level 1. HP: 10/10 MP: 3/3
   677 | D:1      | Reached XP level 2. HP: 9/16 MP: 3/5
  1289 | D:1      | Gained mutation: Your spells are a little harder to cast,
                  | but a little more powerful. [potion of mutation]
  1811 | D:2      | Reached skill level 1 in Transmutations
  1837 | D:2      | Reached skill level 1 in Fighting
  1860 | D:2      | Reached XP level 3. HP: 20/20 MP: 4/6
  2887 | D:2      | Reached XP level 4. HP: 15/25 MP: 7/7
  3121 | D:2      | Found a faded altar of an unknown god.
  3130 | D:2      | Prayed at the altar of an unknown god.
  3130 | D:2      | Became a worshipper of Kikubaaqudgha
  3130 | D:2      | Reached * piety under Kikubaaqudgha
  3130 | D:2      | Received a gift from Kikubaaqudgha
  3885 | D:3      | Reached XP level 5. HP: 13/30 MP: 8/8
  3894 | D:3      | Lost mutation: Your spells are a little harder to cast, but
                  | a little more powerful. [potion of mutation]
  3894 | D:3      | Gained mutation: You have a beak for a mouth. [potion of
                  | mutation]
  3894 | D:3      | Gained mutation: You are partially covered in iridescent
                  | scales. (AC +2) [potion of mutation]
  3894 | D:3      | Gained mutation: You expend magic power (3 MP) to
                  | strengthen your wands. [potion of mutation]
  4109 | D:3      | Killed from afar by an orc priest

Illustrated notes

Levels and vault maps discovered:
D:1:      heliophobic_arrival_enchanted_forest, layout_basic, st_stairs_6,
          minmay_misc_feat_diagonals
D:2:      minmay_door_path, layout_loops_ring,
          dreamdust_ecumenical_altar_hidden_monk_grotto, moated_statue,
          grunt_decor_junction
D:3:      layout_basic, grunt_ministairs_7

Skill      XL: |  1  2  3  4  5 |
---------------+----------------+-----
Stealth        | 3 4 |  4.0
Transmutations | 1 |  1.4
Fighting       | 1 2 |  2.3
Earth Magic    | 4 |  4.2
Dodging        | |  1.5
Spellcasting   | |  2.4

Action                   |  1- 3 |  4- 6 || total
-------------------------+-------+-------++-------
Melee: Unarmed           |   164 |       ||   164
       Punch             |     5 |       ||     5
       Quarterstaff      |    10 |    55 ||    65
       Peck              |       |     1 ||     1
 Cast: Sandblast         |    23 |     6 ||    29
  Use: Scroll            |     2 |       ||     2
       Potion            |     1 |     2 ||     3
 Stab: Sleeping          |     7 |     2 ||     9
Armor: Robe              |    85 |    33 ||   118
Dodge: Dodged            |   123 |    72 ||   195

Table legend: (Time is in decaauts)
 A = Elapsed time spent in this place.
 B = Non-inter-level travel time spent in this place.
 C = Inter-level travel time spent in this place.
 D = Time resting spent in this place.
 E = Time spent auto-exploring this place.
 F = Levels seen in this place.
 G = Mean time per level.
                   A        B        C        D        E       F      G
               +--------+--------+--------+--------+--------+-----+--------+
         Total |   4131 |   4078 |     53 |      0 |   3513 |   3 | 1377.0 |
       Dungeon |   4131 |   4078 |     53 |      0 |   3513 |   3 | 1377.0 |
               +--------+--------+--------+--------+--------+-----+--------+

Top non-repeatable levels by time:
     D:1: 1758 daAuts
     D:2: 1735 daAuts
     D:3: 637 daAuts
